 Dungeon Crawl Stone Soup version 0.31-a0-180-g519b7de00c (webtiles) character file.

Game seed: 7372912032512522382

324 qw the Chopper (level 6, -10/38 HPs)
             Began as a Gargoyle Fighter on June 19, 2023.
             Killed by divine providence
             ... invoked by an orc priest
              (12 damage)
             ... on level 3 of the Dungeon.
             The game lasted 00:01:05 (1670 turns).

qw the Chopper (Gargoyle Fighter)                   Turns: 1670, Time: 00:01:06

Health: -10/38     AC: 13    Str: 22    XL:     6   Next: 48%
Magic:  6/6        EV: 13    Int:  8    God:
Gold:   191        SH:  4    Dex:  9    Spells: 5/5 levels left

rFire   . . .        Y - +0 war axe
rCold   + . .        c - +0 buckler
rNeg    + . .        i - +0 chain mail
rPois   inf          (no helmet)
rElec   +            (no cloak)
rCorr   .            (no gloves)
SInv    .            (no boots)
Will    .....        (no amulet) Stlth
                     g - ring of protection from cold
HPRegen 0.26/turn    k - +5 ring of evasion
MPRegen 0.10/turn

%: no passive effects
@: no status effects
A: sickness immunity, AC +4, negative energy resistance 1, electricity
resistance, torment resistance 1, petrification resistance
a: no special abilities


You were on level 3 of the Dungeon.
You visited 1 branch of the dungeon, and saw 3 of its levels.

You collected 191 gold pieces.


Innate Abilities, Weirdness & Mutations

You are immune to sickness and miasma.
Your stone body is resilient. (AC +4)
You are immune to poison.
You resist negative energy. (rN+)
You are resistant to electric shocks. (rElec)
You are resistant to unholy torment.
You are immune to petrification.


   Skills:
 - Level 4.0 Fighting
 + Level 5.8 Axes
 - Level 3.2 Armour
 - Level 3.2 Shields


You had 5 spell levels left.
You didn't know any spells.
Your spell library was empty.

Inventory:

Hand Weapons
 h - a +0 mace
 Y - a +0 war axe (weapon)
Armour
 c - a +0 buckler (worn)
 i - a +0 chain mail (worn)
Jewellery
 f - a ring of protection from fire
 g - a ring of protection from cold (left hand)
 k - a +5 ring of evasion (right hand)
Potions
 a - a potion of degeneration {unknown}
 d - 2 potions of might
 e - a potion of mutation {unknown}
 j - a potion of heal wounds {unknown}

Dungeon Overview and Level Annotations

Branches:
Dungeon (3/15)

Altars:


Message History

You hit the kobold.
You kill the kobold!
You hit the endoplasm.
You kill the endoplasm!
The orc closely misses you. The orc priest misses you.
The hobgoblin barely misses you.
You hit the orc but do no damage.
The orc is almost dead.
You barely miss the orc priest. You slash the hobgoblin!
You kill the hobgoblin!
The orc priest calls upon Beogh to heal the orc.
The orc is healed somewhat.
The orc barely misses you.
You hit the orc priest.
The orc priest is moderately wounded.
You barely miss the orc. You block the orc priest's attack.
The orc hits you but does no damage.
The orc priest hits you with a +1 flail of protection.
The orc completely misses you.
You hit the orc priest but do no damage.
The orc priest is moderately wounded.
You hit the orc but do no damage. The orc priest closely misses you.
The orc closely misses you.
You closely miss the orc priest.
The orc priest is moderately wounded.
You slash the orc!
You kill the orc!
The orc priest misses you.
You hit the orc priest but do no damage.
The orc priest is moderately wounded.
The orc priest calls down the wrath of Beogh upon you.
Beogh smites you!
You hit the orc priest.
The orc priest is moderately wounded.
The orc priest closely misses you.
You hit the orc priest but do no damage.
The orc priest is moderately wounded.
The orc priest hits you with a +1 flail of protection!
The orc priest calls down the wrath of Beogh upon you.
Beogh smites you!
You die...

########.##............
........#..'............
.........###............
.....................#..
........#.......)...#..
##......#...........##.
.##.....................
................#.......
......)@).......+.<.....
.......o).......#.......
..#++...........+.......
#...######### ...##.
..... .. #+ .#.#..
....... .........


You could see an orc priest.

Vanquished Creatures
  Sigmund (D:2)
  An orc priest (D:3)
  An orc wizard (D:3)
  3 adders
  An ufetubus (D:2)
  2 worms (D:2)
  A dart slug (D:1)
  2 orcs (D:3)
  8 endoplasms
  2 giant cockroaches
  3 goblins
  3 hobgoblins
  4 jackals (D:2)
  4 quokkas
  7 ball pythons
  8 bats
  3 frilled lizards
  5 kobolds
  4 rats
63 creatures vanquished.

Notes
Turn   | Place    | Note
-------+----------+-------------------------------------------
     0 | D:1      | qw the Gargoyle Fighter began the quest for the Orb.
     0 | D:1      | Reached XP level 1. HP: 14/14 MP: 1/1
     0 | D:1      | 0 ||| qw: Version: 0.3-a-7-ge0c9b40
     0 | D:1      | 0 ||| qw: Game counter: 901
     0 | D:1      | 0 ||| qw: Always use a shield: true
     0 | D:1      | 0 ||| qw: God list: Okawaru
     0 | D:1      | 0 ||| qw: Allow faded altars: false
     0 | D:1      | 0 ||| qw: Do Orc after D:15 true
     0 | D:1      | 0 ||| qw: Do second Lair branch before Depths: true
     0 | D:1      | 0 ||| qw: Lair rune preference: random
     0 | D:1      | 0 ||| qw: Plans: Normal, Zot:1-4, Slime:5, God:TSO, Crypt,
                  | Tomb, Abyss, Pan, Hells, Win
     0 | D:1      | 0 ||| PLANNING D:1-11
    46 | D:1      | 46 ||| Stepping ~*~*~tactically~*~*~ (stealth).
    51 | D:1      | Reached skill level 2 in Axes
   114 | D:1      | Reached XP level 2. HP: 19/19 MP: 2/2
   435 | D:1      | 435 ||| Stepping ~*~*~tactically~*~*~ (hiding).
   442 | D:1      | Reached skill level 3 in Axes
   446 | D:1      | Reached XP level 3. HP: 21/23 MP: 3/3
   581 | D:1      | 581 ||| DROPPING +0 club.
   653 | D:1      | 653 ||| UPGRADING to +0 chain mail.
   663 | D:1      | 663 ||| DROPPING +0 scale mail.
   664 | D:1      | 664 ||| UPGRADING to ring of protection from cold.
   665 | D:1      | 665 ||| UPGRADING to +5 ring of evasion.
   666 | D:1      | 666 ||| READING scroll labelled ZIOWNY TI IPA.
   785 | D:2      | Noticed Sigmund
   794 | D:2      | Killed Sigmund
   795 | D:2      | Reached skill level 5 in Axes
   795 | D:2      | Reached XP level 4. HP: 23/28 MP: 4/4
   795 | D:2      | Reached XP level 5. HP: 27/32 MP: 5/5
   838 | D:2      | 838 ||| Stepping ~*~*~tactically~*~*~ (hiding).
   840 | D:2      | 840 ||| Stepping ~*~*~tactically~*~*~ (hiding).
   851 | D:2      | 851 ||| Stepping ~*~*~tactically~*~*~ (stealth).
   935 | D:2      | 935 ||| Stepping ~*~*~tactically~*~*~ (stealth).
   988 | D:2      | Reached XP level 6. HP: 38/38 MP: 6/6
  1035 | D:2      | 1035 ||| DROPPING +0 whip.
  1523 | D:2      | 1523 ||| READING scroll labelled GYFOUM EZUDUIM.
  1524 | D:2      | 1524 ||| READING scroll labelled HIEFAF YKHO.
  1525 | D:2      | 1525 ||| READING scroll labelled DIJANI ULAIWI.
  1670 | D:3      | HP: 2/38 [orc priest/+1 flail of protection (9)]
  1670 | D:3      | Killed from afar by an orc priest

Levels and vault maps discovered:
D:1:      dpeg_arrival_round_b, layout_basic, hangedman_decor_growths
D:2:      layout_basic, uniq_sigmund
D:3:      layout_basic, mainiacjoe_overflow_boulevard, marbit_many_paths,
          gammafunk_temple_overflow_statue, uniq_jessica

Skill      XL: |  1  2  3  4  5  6 |
---------------+-------------------+-----
Axes           | 2 3 5 |  5.8
Fighting       | 4 |  4.0
Armour         | |  3.2
Shields        | |  3.2

Action                     |  1- 3 |  4- 6 || total
---------------------------+-------+-------++-------
  Melee: War axe           |    71 |    81 ||   152
    Use: Scroll            |     1 |     3 ||     4
 Armour: Scale mail        |    30 |       ||    30
         Chain mail        |     7 |    47 ||    54
  Dodge: Dodged            |    38 |    63 ||   101
  Block: Buckler           |    13 |    15 ||    28

Table legend:
 A = Non-vault XP
 B = Vault XP
 C = Vault XP percentage of total XP
 D = Non-vault monster count
 E = Vault monster count
 F = Vault count percentage of total count
                 A         B        C        D         E       F
            +---------+---------+-------+---------+---------+-------
      Total |     224 |     239 |  51.6 |      62 |       1 |   1.6
            +---------+---------+-------+---------+---------+-------
        D:1 |      38 |       0 |   0.0 |      24 |       0 |   0.0
        D:2 |      79 |     239 |  75.2 |      26 |       1 |   3.7
        D:3 |     107 |       0 |   0.0 |      12 |       0 |   0.0
            +---------+---------+-------+---------+---------+-------
